 Dungeon Crawl Stone Soup version 0.32-a0-685-g93135e86f0 (webtiles) character file.

Game seed: 4802412143145783969

475218 Chimkentus the Eclecticist (level 23, -44/119 HPs)
             Began as a Spriggan Enchanter on Feb 7, 2024.
             Was the Champion of Dithmenos.
             Killed from afar by a tengu reaver (49 damage)
             ... with a bolt of fire
             ... led by Sojobo
             ... on level 4 of the Vaults on Mar 13, 2024.
             The game lasted 16:47:54 (78711 turns).

Chimkentus the Eclecticist (Spriggan Enchanter)    Turns: 78711, Time: 16:47:54

Health: -44/119    AC: 11    Str:  8    XL:     23   Next: 60%
Magic:  43/46      EV: 27    Int: 29    God:    Dithmenos [******]
Gold:   2217       SH:  4    Dex: 29    Spells: 4/58 levels left

rFire   . . .        d - +9 dagger (elec)
rCold   + . .        v - orb of Ethics {guile, rC- rCorr Str+2 Int+5}
rNeg    + + +        I - +5 robe of the Pirate {rC+ Slay+4}
rPois   .            o - +1 hat "Hagimp" {*Slow rElec rN++ Dex-3}
rElec   +            A - +1 cloak of Ifoajoy Xori {rN+ Dex+5}
rCorr   +            (gloves unavailable)
SInv    +            (boots unavailable)
Will    +++..        S - amulet "Rawnej" {Will+ RegenMP+ Dex+4 Stlth-}
Stlth   ++++++++++   G - +6 ring of dexterity
HPRegen 0.39/turn    s - ring of wizardry
MPRegen 0.70/turn

%: slow self (1%), clarity, wizardry (x1)
@: lethally poisoned (-44 -> -80), wreathed by umbra, studying Armour, very
quick
A: very small, no large weapons, unfitting armour, see invisible, speed 3,
antennae 1, large bone plates 1, clarity, cold resistance 1, sense surroundings
1
}: 2/15 runes: decaying, serpentine
a: Renounce Religion, Shadow Step, Shadow Form


You were on level 4 of the Vaults.
You worshipped Dithmenos.
Dithmenos was exalted by your worship.
You visited 9 branches of the dungeon, and saw 42 of its levels.
You visited 1 bazaar.
You also visited: Trove, Bailey, Gauntlet, Ice Cave and Wizlab.

You collected 6319 gold pieces.
You spent 4102 gold pieces at shops.

Inventory:

Hand Weapons
 d - a +9 dagger of electrocution (weapon)
 f - a +7 hand cannon of draining
 w - the +1 quick blade of Painted Prudence {drain, rElec rN+}
   (You acquired it on level 3 of the Crypt)

   rElec:     It insulates you from electricity.
   rN+:       It protects you from negative energy.
Missiles
 U - 10 curare-tipped darts
 W - a throwing net (quivered)
Armour
 e - a +1 cloak of willpower
 o - the +1 hat "Hagimp" (worn) {*Slow rElec rN++ Dex-3}
   (You found it in a treasure trove)

   Dex-3:     It affects your dexterity (-3).
   rElec:     It insulates you from electricity.
   rN++:      It greatly protects you from negative energy.
   *Slow:     It may slow you when you take damage.
 v - the orb of Ethics (worn) {guile, rC- rCorr Str+2 Int+5}
   (You found it in a treasure trove)

   Str+2:     It affects your strength (+2).
   Int+5:     It affects your intelligence (+5).
   rC-:       It makes you vulnerable to cold.
   rCorr:     It protects you from acid and corrosion.
 A - the +1 cloak of Ifoajoy Xori (worn) {rN+ Dex+5}
   (You found it on level 3 of the Crypt)

   Dex+5:     It affects your dexterity (+5).
   rN+:       It protects you from negative energy.
 I - the +5 robe of the Pirate (worn) {rC+ Slay+4}
   (You found it in a treasure trove)

   Slay+4:    It affects your accuracy & damage with ranged weapons and melee
   (+4).
   rC+:       It protects you from cold.
 K - the crystal ball of Wucad Mu {*channel}
   (You found it in a wizard's laboratory)

   *Channel:  It often returns the magic spent to cast spells, but lowers their
   success rate.
   It always returns the magic spent on miscasts.
 Y - a +2 hat of stealth
Jewellery
 q - a ring of protection from fire
 s - a ring of wizardry (right hand)
 t - the ring "Humaarex" {Ice Int+3}
   (You found it in a Gauntlet)

   [ring of ice]

   Ice:       It enhances your ice magic.
   Int+3:     It affects your intelligence (+3).
   rF-:       It makes you vulnerable to fire.
   rC+:       It protects you from cold.
 G - a +6 ring of dexterity (left hand)
 J - a ring of fire
 P - a ring of flight
 S - the amulet "Rawnej" (around neck) {Will+ RegenMP+ Dex+4 Stlth-}
   (You found it in an ice cave)

   [amulet of magic regeneration]

   It increases your rate of magic regeneration.
   Dex+4:     It affects your dexterity (+4).
   Will+:     It increases your willpower.
   Stlth-:    It makes you less stealthy.
   RegenMP+:  It increases your rate of magic regeneration.
 V - a +4 ring of protection
 X - an amulet of reflection
 Z - a ring of resist corrosion
Talismans
 B - the storm talisman "Rosm" {rC+}
   (You found it on level 2 of the Depths)

   [storm talisman]

   rC+:       It protects you from cold.
Wands
 m - a wand of digging (18)
 n - a wand of polymorph (4)
 z - a wand of charming (35)
 O - a wand of flame (28)
Scrolls
 i - 5 scrolls of fog
 j - 7 scrolls of poison
 x - 2 scrolls of revelation
 y - 14 scrolls of teleportation
 C - 2 scrolls of summoning
 D - a scroll of blinking
 E - 11 scrolls of vulnerability
 F - 4 scrolls of fear
 M - 9 scrolls of immolation
Potions
 g - 4 potions of cancellation
 k - 4 potions of berserk rage
 l - 3 potions of heal wounds
 p - 5 potions of resistance
 r - 25 potions of curing
 H - 7 potions of magic
 L - 7 potions of ambrosia
 N - 2 potions of haste
 Q - 4 potions of enlightenment
 R - 3 potions of brilliance
 T - 4 potions of might
Miscellaneous
 a - a phial of floods
 b - a phantom mirror
 c - a lightning rod (2/4)
 h - a condenser vane
 u - a box of beasts


   Skills:
 * Level 12.1 Fighting
 + Level 8.8 Short Blades
 * Level 9.8 Ranged Weapons
 + Level 5.6 Throwing
 * Level 11.0 Armour
 + Level 8.2 Dodging
 + Level 13.2 Stealth
 - Level 5.4 Shields
 + Level 18.1 Spellcasting
 + Level 7.2 Conjurations
 + Level 17.3 Hexes
 + Level 9.2 Summonings
 * Level 13.7 Necromancy
 + Level 12.0 Translocations
 - Level 7.2 Ice Magic
 - Level 8.7 Air Magic
 + Level 3.0 Earth Magic
 + Level 4.6 Alchemy
 + Level 10.4 Invocations
 + Level 10.0 Evocations


You had 4 spell levels left.
You knew the following spells:

 Your Spells              Type           Power      Damage    Failure   Level
a - Ensorcelled Hibernat  Hex/Ice        100%       N/A       0%          2
b - Confusing Touch       Hex            91%        N/A       0%          3
c - Discord               Hex            45%        N/A       3%          8
d - Dazzling Flash        Conj/Hex       100%       N/A       1%          3
e - Dispel Undead         Necr           82%        3d27      1%          4
f - Apportation           Tloc           100%       N/A       0%          1
g - Vhi's Electric Charg  Tloc/Air       100%       N/A       1%          4
h - Summon Lightning Spi  Summ/Air       68%        N/A       1%          4
i - Summon Mana Viper     Hex/Summ       80%        N/A       1%          5
j - Infestation           Necr           41%        N/A       16%         8
l - Passage of Golubria   Tloc           77%        N/A       1%          4
m - Yara's Violent Unrav  Hex/Alch       37%        3d15      1%          5
n - Stone Arrow           Conj/Erth      100%       3d13      1%          3

Your spell library contained the following spells:

 Spells                   Type           Power      Damage    Failure   Level
 Kiss of Death            Conj/Necr      100%       2d13      0%          1
 Blink                    Tloc           100%       N/A       0%          2
 Jinxbite                 Hex            100%       N/A       0%          2
 Sublimation of Blood     Necr           82%        N/A       0%          2
 Fugue of the Fallen      Necr           82%        N/A       0%          3
 Tukima's Dance           Hex            91%        N/A       0%          3
 Vampiric Draining        Necr           82%        2d11      0%          3
 Cause Fear               Hex            45%        N/A       0%          4
 Magic Dart               Conj           100%       1d8       1%          1
 Sandblast                Erth           86%        2d18      1%          1
 Shock                    Conj/Air       100%       1d9       1%          1
 Sting                    Conj/Alch      100%       1d9       1%          1
 Summon Small Mammal      Summ           100%       N/A       1%          1
 Call Imp                 Summ           100%       N/A       1%          2
 Cigotuvi's Dreadful Rot  Necr/Alch/Air  100%       N/A       1%          2
 Mercury Vapours          Alch/Air       100%       N/A       1%          2
 Searing Ray              Conj           100%       2d8       1%          2
 Call Canine Familiar     Summ           68%        N/A       1%          3
 Frozen Ramparts          Ice            100%       1d16      1%          3
 Inner Flame              Hex/Fire       67%        N/A       1%          3
 Mephitic Cloud           Conj/Alch/Air  60%        N/A       1%          3
 Ozocubu's Armour         Ice            62%        N/A       1%          3
 Passwall                 Erth           43%        N/A       1%          3
 Swiftness                Air            67%        N/A       1%          3
 Volatile Blastmotes      Fire/Tloc      100%       2d18      1%          3
 Airstrike                Air            33%        2d(5-21)  1%          4
 Anguish                  Hex/Necr       43%        N/A       1%          4
 Animate Armour           Summ/Erth      100%       N/A       1%          4
 Animate Dead             Necr           82%        N/A       1%          4
 Brom's Barrelling Bould  Conj/Erth      54%        2d7       1%          4
 Dimensional Bullseye     Hex/Tloc       42%        N/A       1%          4
 Fulminant Prism          Conj/Alch      28%        3d14      1%          4
 Iskenderun's Mystic Bla  Conj/Tloc      70%        2d14      1%          4
 Leda's Liquefaction      Alch/Erth      24%        N/A       1%          4
 Martyr's Knell           Necr/Summ      75%        N/A       1%          4
 Olgreb's Toxic Radiance  Alch           52%        N/A       1%          4
 Petrify                  Alch/Erth      48%        N/A       1%          4
 Summon Blazeheart Golem  Fire/Summ      52%        N/A       1%          4
 Arcjolt                  Conj/Air       32%        1d42      1%          5
 Borgnjor's Vile Clutch   Necr/Erth      32%        N/A       1%          5
 Freezing Cloud           Conj/Ice/Air   31%        6-21      1%          5
 Irradiate                Conj/Alch      28%        3d21      1%          5
 Iskenderun's Battlesphe  Conj           62%        2d11      1%          5
 Metabolic Englaciation   Hex/Ice        39%        N/A       1%          5
 Silence                  Hex/Air        40%        N/A       1%          5
 Summon Forest            Summ/Tloc      36%        N/A       1%          5
 Death Channel            Necr           41%        N/A       1%          6
 Enfeeble                 Hex            45%        N/A       1%          7
 Alistair's Intoxication  Alch           34%        N/A       2%          5
 Haunt                    Necr/Summ      37%        N/A       4%          7
 Lee's Rapid Deconstruct  Erth           21%        3d12*     5%          5
 Malign Gateway           Summ/Tloc      36%        N/A       7%          7
 Bombard                  Conj/Erth      27%        9d5       12%         6
 Summon Hydra             Summ           34%        N/A       12%         7
 Eringya's Noxious Bog    Alch           26%        4d6       16%         6
 Borgnjor's Revivificati  Necr           41%        N/A       16%         8
 Spellforged Servitor     Conj/Summ      32%        N/A       19%         7
 Ozocubu's Refrigeration  Ice            31%        4d14      26%         7
 Maxwell's Capacitive Co  Air            33%        ∞         71%         8
 Death's Door             Necr           41%        N/A       90%         9
 Lehudib's Crystal Spear  Conj/Erth      27%        10d7      99%         8
 Ignition                 Fire           13%        3d6       100%        8


Dungeon Overview and Level Annotations

Branches:
Dungeon (15/15)            Temple (1/1) D:4            Lair (5/5) D:10
  Swamp (4/4) Lair:2        Snake (4/4) Lair:3        Slime (0/5) Lair:4
    Orc (2/2) D:12            Elf (0/3) Orc:2        Vaults (4/5) D:13
  Crypt (3/3) Vaults:3       Tomb (0/3) Crypt:3      Depths (4/4) D:15
    Zot (0/5) Depths:4     Bailey (visited)           IceCv (visited)
 WizLab (visited)         Gauntlet (visited)

Altars:
Ashenzari
Cheibriados
Dithmenos
Elyvilon
Fedhas
Gozag
Hepliaklqana
Kikubaaqudgha
Makhleb
Nemelex Xobeh
Okawaru
Qazlal
Ru
Sif Muna
Trog
Uskayaw
Vehumet
Wu Jian
Xom
Yredelemnul
Zin
The Shining One
Beogh
Jiyva
Lugonu

Shops:
D:8 [   Orc:2 (*[=   Vaults:1 [   Vaults:4 ((*:

Portals:
Hell: Depths:1 Depths:2 Depths:3 Depths:4
Abyss: Lair:5 Depths:2 Depths:3
Pandemonium: Depths:1 Depths:2 Depths:4
Ziggurat: Depths:1

Annotations:
Vaults:4 Sojobo


Innate Abilities, Weirdness & Mutations

You are very small and have problems with some larger weapons.
You are too small for most types of armour.
You have supernaturally acute eyesight. (SInv)
You cover ground extremely quickly. (Speed+++)
You have a pair of small antennae on your head.
You are partially covered in large bone plates. (SH +4)
You possess an exceptional clarity of mind.
Your flesh is cold resistant. (rC+)
You passively map a small area around you.


Message History

Aim: a tengu reaver, wielding a +0 war axe, wearing a +0 scale mail and wearing a +1 buckler of protection (repelling missiles, umbra, chance to affect: 84%)
The tengu reaver looks drowsy...
Your shadow mimics your spell!
The tengu reaver is unaffected.
The tengu reaver casts a spell at you. The bolt of lightning misses you.
The tengu reaver shouts!
The tengu reaver misses you. The tengu reaver pecks you.
The tengu reaver misses you.
You puncture the tengu reaver!
The tengu reaver is lightly wounded.
Casting: Ensorcelled Hibernation (safe; 0% risk of failure)
Confirm with . or Enter, or press ? or * to list all spells.
Aiming: Passage of Golubria (safe; 1% risk of failure)
Press: ? - help, Dir - move target, p - tengu reaver The tengu reaver casts a spell at you.
The bolt of cold hits you!! You resist.
You emit a cloud of dark smoke.
The tengu reaver points at you and mumbles some strange words.
The bolt of poison hits you!!
You are poisoned.
You feel very sick.
Sojobo waves her feathered arms in wide circles.
The air twists around and strikes you!!
* * * LOW HITPOINT WARNING * * *
You emit a cloud of dark smoke.
The tengu reaver hits you with a +0 war axe!!
* * * LOW HITPOINT WARNING * * *
The tengu reaver pecks you but does no damage.
The tengu reaver closely misses you.
The tengu reaver gestures at you while chanting.
The bolt of lightning misses you.
You feel better.
The tengu reaver points at you and mumbles some strange words.
The bolt of poison hits you!
You are lethally poisoned!
* * * LOW HITPOINT WARNING * * *
You emit a cloud of dark smoke.
The tengu reaver casts a spell at you. The bolt of fire hits you!!!
You die...

..# #......# #.#...... ..#
#......# #.#....##
''################'######.#...##.
...................#......#..##..
...................#......#.##...
...................#......#......
........^.....§§§§.#......#.##...
..............§§Q§.#......#..##..
##############§§@§§'......'...##.
##########.§§§§#......#....##
#........#§.§§§#......+......
#........#.Q...#......#######
#........#.....#......#
#........#Q....#......#
#...>....'.....#......#
#........#.....########
#........#.....#


You could see Sojobo (repels missiles) and 2 tengu reavers.

Vanquished Creatures
  A dread lich (Depths:1)
  Xtahua (Crypt:2)
  the Lernaean hydra (Swamp:4)
  A golden dragon (Depths:3)
  A bone dragon (Depths:4)
  Mlioglotl (Swamp:4)
  10 liches
  Jorgrun (Swamp:2)
  A tentacled monstrosity (Swamp:4)
  A walking frostbound tome (Depths:3)
  3 sphinxes
  An ancient champion (Crypt:3)
  2 thorn hunters
  Kirke (D:15)
  Roxanne (Snake:2)
  A tengu reaver (Vaults:3)
  Aizul (Swamp:4)
  The ghost of CougarLife the Earth Mage, an adept GrEE of Vehumet (Swamp:4)
  4 revenants
  2 azure jellies (IceCv)
  A nagaraja (Snake:2)
  3 fire giants
  A rockslime (IceCv)
  A frost giant (Depths:3)
  An iron dragon (Depths:3)
  A balrug (Depths:2)
  Louise (Snake:2)
  8 ghouls
  2 spectral caustic shrikes (Crypt:3)
  5 curse skulls
  The ghost of bakla the Thaumaturge, a journeyman HuEE of Cheibriados (Snake:4)
  2 reapers
  9 vault wardens
  A draconian stormcaller (Depths:4)
  10 ironbound preservers
  4 quicksilver oozes (IceCv)
  An orc warlord (Orc:2)
  2 cacodemons (Depths:2)
  8 ironbound thunderhulks
  10 very ugly things
  9 stone giants
  2 deep elf demonologists (Depths:2)
  A vampire knight (Crypt:3)
  A formless jellyfish (Vaults:4)
  3 eleionomae
  The ghost of Jigsaw the Spear-Bearer, a journeyman MfBe of Trog (Lair:3)
  A war gargoyle (Vaults:3)
  A minotaur (Gauntlet)
  7 spark wasps
  8 dire elephants
  An orange crystal statue (WizLab)
  A bunyip (Swamp:2)
  A yellow draconian (Depths:4)
  2 green deaths (Depths:2)
  4 eidola
  3 ettins
  2 fire dragons
  A crystal guardian (Vaults:3)
  A spectral iron giant (Crypt:3)
  3 yaktaur captains
  21 hydras
  Erolcha (D:12)
  An entropy weaver (Vaults:2)
  8 vault guards
  4 alligators
  2 ice dragons (Depths:2)
  2 spectral spriggans (Crypt:3)
  An ogre mage (Orc:2)
  6 great orbs of eyes
  4 salamander tyrants (Snake:4)
  3 rakshasas
  10 anacondas
  3 boulder beetles
  5 ironbound frosthearts
  2 catoblepae
  3 spriggan air magi
  A deep troll shaman (Depths:1)
  6 centaur warriors
  5 two-headed ogres
  2 peacekeepers
  14 naga warriors
  3 tengu warriors (Depths:1)
  8 death yaks
  3 shock serpents
  An orc high priest (Orc:2)
  A spriggan berserker (Depths:1)
  3 thrashing horrors (Lair:5)
  15 hell knights
  Nergalle (D:10)
  Urug (D:11)
  A dancing weapon (Depths:1)
  16 naga sharpshooters
  3 soul eaters
  Sonja (Lair:2)
  2 iron trolls (Depths:3)
  A skyshark (Lair:2)
  2 salamander mystics (Snake:4)
  11 skeletal warriors
  A sixfirhy (Depths:4)
  11 shadow wraiths (Crypt:3)
  33 deep trolls
  4 spriggan druids
  2 flayed ghosts
  2 mana vipers (Snake:2)
  A glowing orange brain (Depths:2)
  3 goliath frogs
  5 bog bodies
  8 swamp dragons
  4 naga ritualists
  6 lindwurms
  8 orc knights
  6 arcanists
  3 necromancers
  12 phantasmal warriors
  A golden dragon skeleton (Crypt:3)
  A bunyip skeleton (Crypt:1)
  4 large abominations (Gauntlet)
  A broodmother zombie (Crypt:1)
  An eleionoma zombie (Crypt:2)
  10 ironbound convokers
  45 ugly things
  A goliath frog zombie (Crypt:1)
  An oklob plant (Lair:5)
  3 orc sorcerers (Orc:2)
  7 salamanders
  4 cyclopes
  A manticore (shapeshifter) (Depths:3)
  A wolf spider (D:15)
  3 will-o-the-wisps
  A manticore (Lair:3)
  A naga zombie (Crypt:1)
  A water nymph (shapeshifter) (Vaults:2)
  Joseph (D:7)
  4 kobold blastminers
  13 vault sentinels
  2 torpor snails
  26 black mambas
  15 cane toads
  5 smoke demons
  15 naga magi
  A dire elephant zombie (Crypt:3)
  2 gargoyles
  11 komodo dragons
  20 yaktaurs
  9 rime drakes
  A kobold demonologist (D:12)
  Maggie (D:7)
  Jeremiah (D:7)
  A tengu conjurer (Depths:1)
  An efreet (D:15)
  4 freezing wraiths (Crypt:3)
  A queen bee (shapeshifter) (Lair:5)
  A green draconian skeleton (Crypt:2)
  3 hydra zombies (Swamp:2)
  2 polar bears
  2 queen bees
  8 trolls
  A harpy zombie (Crypt:1)
  A jumping spider zombie (Crypt:2)
  20 blink frogs
  8 hornets
  2 raiju (Lair:5)
  A guardian serpent zombie (Crypt:3)
  5 tyrant leeches
  4 dream sheep (Lair:4)
  A death drake skeleton (Crypt:3)
  A hydra skeleton (Crypt:2)
  56 slime creatures
  8 spriggans
  6 shadows
  12 wyverns
  37 yaks
  A ynoxinul (Depths:2)
  2 water elementals (Depths:1)
  17 humans (D:13)
  4 hogs (D:15)
  9 wraiths
  A human (shapeshifter) (Lair:5)
  A nameless horror (Snake:2)
  8 basilisks
  Grum (Bailey)
  3 vampire mosquitoes (D:10)
  2 steam dragons
  2 chaos spawn (Lair:5)
  2 wargs
  A harpy simulacrum (Crypt:1)
  32 nagas
  10 swamp worms
  3 acid dragons
  21 water moccasins
  3 great orb of eyes simulacra (IceCv)
  A fire bat skeleton (Crypt:3)
  A lindwurm zombie (Crypt:1)
  11 swamp drakes
  A sky beast (D:7)
  7 black bears
  18 orc warriors
  3 ice beasts
  4 laughing skulls (Crypt:1)
  10 ogres
  19 small abominations
  12 centaurs
  13 wolves
  A blink frog skeleton (Crypt:2)
  A phantom (D:7)
  3 slime creature simulacra (IceCv)
  19 bullfrogs
  6 gnoll sergeants
  A weeping skull (Crypt:3)
  3 glowing shapeshifter simulacra (IceCv)
  3 scorpions
  4 wights (D:8)
  30 killer bees
  A polar bear skeleton (Crypt:3)
  A howler monkey (D:10)
  A raiju skeleton (Crypt:1)
  A wolf zombie (Crypt:1)
  8 hounds
  A bombardier beetle (D:5)
  3 gnoll boudas (Bailey)
  2 jellies
  10 orc priests
  A sleepcap (D:7)
  5 iguanas
  Natasha (thrice) (D:2)
  18 orc wizards
  2 black bear skeletons
  7 hell rats (Lair:5)
  A deep dwarf skeleton (Crypt:1)
  2 hound zombies (Crypt:2)
  A boggart simulacrum (D:15)
  17 gnolls
  5 adders
  A swamp drake skeleton (Crypt:1)
  2 ufetubi (D:7)
  A ribbon worm (D:2)
  54 orcs
  2 ball pythons
  4 endoplasms
  4 giant cockroaches
  18 hobgoblins
  4 jackals
  18 kobolds
  2 quokkas
  3 bats
  7 frilled lizards
  A frilled lizard zombie (Crypt:1)
  17 goblins
  7 rats
1376 creatures vanquished.

Vanquished Creatures (collateral kills)
  A juggernaut (Depths:3)
  3 caustic shrikes (Depths:4)
  A Brimstone Fiend (Depths:2)
  A lich (Depths:3)
  A storm dragon (Depths:4)
  A tengu reaver (Depths:3)
  2 thorn hunters
  An azure jelly (IceCv)
  A nagaraja (Snake:4)
  A fire giant (Depths:4)
  A balrug (Depths:3)
  An iron dragon (Depths:3)
  3 vault wardens
  2 orc warlords (Vaults:2)
  3 frost giants
  3 ironbound preservers
  A ghoul (Crypt:2)
  4 stone giants
  A spriggan defender (Depths:1)
  A cacodemon (Depths:1)
  7 very ugly things
  An eleionoma (Swamp:3)
  A red draconian (Depths:4)
  A deep elf death mage (Crypt:3)
  A black draconian (Depths:4)
  A green draconian (Depths:4)
  4 dire elephants (Vaults:4)
  A war gargoyle (Vaults:2)
  3 spark wasps
  An eidolon (Crypt:3)
  3 fire dragons
  2 green deaths
  3 ettins
  A blizzard demon (Depths:2)
  2 vault guards
  Harold (D:10)
  2 salamander tyrants (Snake:4)
  4 ice dragons
  A great orb of eyes (Depths:4)
  A hydra (Swamp:1)
  2 spriggan air magi
  A rakshasa (Depths:1)
  An anaconda (Snake:3)
  An alligator (Swamp:1)
  A ghost crab (Swamp:4)
  A two-headed ogre (Orc:2)
  8 naga warriors
  3 tengu warriors
  2 vampire magi
  A deep troll shaman (Depths:3)
  2 spriggan berserkers
  The ghost of Oneirical the Thaumaturge, a journeyman FeAr of Vehumet (Lair:2)
  5 naga sharpshooters
  3 deep troll earth magi (Depths:3)
  A soul eater (Crypt:3)
  8 hell knights
  3 salamander mystics
  4 shadow wraiths (Crypt:3)
  11 skeletal warriors
  4 iron trolls
  15 deep trolls
  A spriggan druid (Swamp:3)
  2 orange crystal statues (IceCv)
  2 glowing orange brains
  3 bog bodies
  2 flayed ghosts (Crypt:3)
  3 phantasmal warriors (Crypt:3)
  A swamp dragon (Swamp:4)
  4 naga ritualists (Snake:4)
  4 lindwurms
  An arcanist (Vaults:3)
  4 ironbound convokers
  A necromancer (Crypt:1)
  10 ugly things
  5 salamanders
  A will-o-the-wisp (Swamp:3)
  3 black mambas (Snake:4)
  A centaur zombie (Crypt:1)
  A guardian serpent (Snake:4)
  8 naga magi
  5 vault sentinels
  2 yaktaurs
  2 freezing wraiths
  A bloated husk (Swamp:1)
  A hydra zombie (Crypt:3)
  A tyrant leech (Swamp:1)
  7 hornets
  2 glass eyes
  A harpy skeleton (Crypt:3)
  3 slime creatures (Vaults:1)
  8 spriggans
  2 shadows (Crypt:3)
  3 yaks
  A wraith (Crypt:2)
  A water elemental (Depths:1)
  A swamp worm (Swamp:1)
  10 nagas
  Edmund (D:5)
  8 orc warriors
  A dream sheep zombie (Crypt:3)
  2 nameless horrors
  12 laughing skulls (Crypt:1)
  A manticore zombie (Crypt:3)
  A weeping skull (Crypt:3)
  2 gnoll sergeants (Bailey)
  A bullfrog (Lair:2)
  2 orc priests
  2 gnoll boudas (Bailey)
  3 orc wizards
  5 gnolls
  An iguana skeleton (Crypt:2)
  17 orcs
  2 hobgoblins (D:5)
321 creatures vanquished.

Vanquished Creatures (others)
  A caustic shrike (Depths:4)
  A storm dragon (Depths:4)
  A tengu reaver (Vaults:2)
  A nagaraja (Snake:3)
  A vault warden (Vaults:3)
  2 very ugly things
  A vampire knight (Crypt:2)
  A bunyip (Swamp:1)
  A vault guard (Vaults:3)
  An ice dragon (Depths:1)
  A great orb of eyes (Vaults:2)
  An alligator (Swamp:1)
  A boulder beetle (D:14)
  A deep troll shaman (Depths:3)
  2 deep troll earth magi
  A naga sharpshooter (Snake:3)
  3 shadow wraiths (Crypt:3)
  6 deep trolls
  A phantasmal warrior (Crypt:3)
  A bunyip skeleton (Crypt:1)
  An ironbound convoker (Vaults:3)
  A will-o-the-wisp (Swamp:1)
  An ugly thing (D:15)
  3 naga magi
  A black mamba (Lair:2)
  A yaktaur (Vaults:3)
  A bloated husk (Swamp:3)
  A slime creature (Vaults:1)
  3 shadows (Crypt:3)
  2 yaks
  A wraith (Crypt:1)
  A basilisk (Lair:2)
  60 dancing weapons
  6 nagas
  A water moccasin (Lair:2)
  2 laughing skulls (Crypt:1)
  A wolf (Gauntlet)
  A centaur (D:11)
  A kobold brigand (D:9)
  A gnoll sergeant (Bailey)
  7 weeping skulls (Crypt:3)
  A wight (D:9)
  A killer bee (D:10)
  2 gnoll boudas
  10 foxfires (Swamp:3)
140 creatures vanquished.

Grand Total: 1837 creatures vanquished

Notes
Turn   | Place    | Note
-------+----------+-------------------------------------------
     0 | D:1      | Chimkentus the Spriggan Enchanter began the quest for the
                  | Orb.
     0 | D:1      | Reached XP level 1. HP: 9/9 MP: 5/5
   136 | D:1      | Reached XP level 2. HP: 13/13 MP: 6/6
   139 | D:1      | Learned a level 2 spell: Ensorcelled Hibernation
   635 | D:1      | Found a faded altar of an unknown god.
   937 | D:2      | Reached skill level 1 in Fighting
   937 | D:2      | Reached skill level 3 in Spellcasting
   937 | D:2      | Reached XP level 3. HP: 18/18 MP: 4/8
   975 | D:2      | Learned a level 3 spell: Confusing Touch
   979 | D:2      | Learned a level 3 spell: Tukima's Dance
  1592 | D:2      | Reached XP level 4. HP: 22/22 MP: 9/9
  1627 | D:2      | Identified the +5 spear of the New World {flame, rN+ Str-5
                  | Dex+5}
  1641 | D:2      | Noticed Natasha
  1652 | D:2      | Killed Natasha
  1653 | D:2      | Reached skill level 1 in Ranged Weapons
  1732 | D:2      | Reached skill level 5 in Hexes
  1793 | D:2      | Noticed Natasha
  1802 | D:2      | Killed Natasha
  1803 | D:2      | Reached XP level 5. HP: 25/25 MP: 6/11
  1919 | D:2      | Noticed Natasha
  1939 | D:2      | Killed Natasha
  2076 | D:3      | Found a bloodstained altar of Trog.
  2213 | D:3      | Found a hide-covered altar of Uskayaw.
  2331 | D:3      | Found a hazy altar of Hepliaklqana.
  2473 | D:3      | Found a white marble altar of Elyvilon.
  2927 | D:4      | Reached skill level 1 in Ice Magic
  2978 | D:4      | Found a sacrificial altar of Ru.
  3036 | D:4      | Reached XP level 6. HP: 30/30 MP: 12/12
  3158 | D:4      | Learned a level 3 spell: Dazzling Flash
  3251 | D:4      | Found a radiant altar of Vehumet.
  3266 | D:4      | Found a shadowy altar of Dithmenos.
  3301 | D:4      | Reached skill level 4 in Spellcasting
  3360 | D:4      | Became a worshipper of Dithmenos the Shadowed
  3622 | D:4      | Found a staircase to the Ecumenical Temple.
  3632 | Temple   | Entered the Ecumenical Temple
  3689 | D:5      | Entered Level 5 of the Dungeon
  3691 | D:5      | Noticed an ice beast
  3751 | D:5      | Identified the +5 sling of Overwhelming Force {antimagic,
                  | Dex+3}
  3772 | D:5      | Reached XP level 7. HP: 35/35 MP: 14/14
  4112 | D:5      | Reached * piety under Dithmenos
  4388 | D:5      | Reached skill level 1 in Invocations
  4636 | D:5      | Found an iron altar of Okawaru.
  4636 | D:5      | Found a blossoming altar of Fedhas.
  4734 | D:5      | Reached skill level 5 in Spellcasting
  4822 | D:5      | Noticed Edmund
  4850 | D:5      | Killed Edmund
  4851 | D:5      | Reached XP level 8. HP: 39/39 MP: 10/17
  5018 | D:5      | Found a basalt altar of Yredelemnul.
  5506 | D:5      | Reached ** piety under Dithmenos
  5819 | D:6      | Reached skill level 1 in Throwing
  5819 | D:6      | Reached skill level 6 in Spellcasting
  6228 | D:7      | Noticed Joseph
  6244 | D:7      | Killed Joseph
  6251 | D:7      | Learned a level 4 spell: Dispel Undead
  6314 | D:7      | Reached XP level 9. HP: 44/44 MP: 16/19
  6626 | D:7      | Reached skill level 7 in Spellcasting
  6947 | D:7      | Reached skill level 5 in Stealth
  6947 | D:7      | Noticed Maggie
  6970 | D:7      | Killed Maggie
  6986 | D:7      | Reached skill level 1 in Necromancy
  6992 | D:7      | Learned a level 1 spell: Apportation
  7116 | D:7      | Noticed Jeremiah
  7148 | D:7      | Killed Jeremiah
  7855 | D:8      | Reached *** piety under Dithmenos
  7969 | D:8      | Reached skill level 1 in Armour
  8143 | D:8      | Found a glowing silver altar of Zin.
  8143 | D:8      | Noticed an angel
  8398 | D:8      | Reached skill level 8 in Spellcasting
  8398 | D:8      | Reached XP level 10. HP: 32/47 MP: 2/23
  8757 | D:8      | Found Umminam's Superior Scales.
  8943 | D:9      | Reached skill level 10 in Hexes
  9293 | D:9      | Reached skill level 5 in Invocations
  9792 | D:10     | Entered Level 10 of the Dungeon
  9819 | D:10     | Noticed a gargoyle
  9824 | D:10     | Noticed Harold
  9826 | D:10     | Noticed a two-headed ogre
  9908 | D:10     | Found a staircase to the Lair.
  9925 | D:10     | Found a flagged portal.
  9938 | Bailey   | Entered a bailey
  9947 | Bailey   | Reached **** piety under Dithmenos
 10665 | Bailey   | Noticed Grum
 10670 | Bailey   | Killed Grum
 10770 | D:10     | Noticed Nergalle
 10776 | D:10     | Killed Nergalle
 10777 | D:10     | Reached skill level 9 in Spellcasting
 10777 | D:10     | Reached XP level 11. HP: 52/54 MP: 19/25
 11016 | D:10     | Noticed a tengu warrior
 11038 | D:10     | Killed a tengu warrior
 11039 | D:10     | Reached skill level 5 in Fighting
 11203 | D:10     | Killed a two-headed ogre
 11338 | D:10     | Reached skill level 1 in Evocations
 11460 | D:10     | Killed Harold
 11461 | D:10     | Reached skill level 5 in Dodging
 11718 | Lair:1   | Entered Level 1 of the Lair of Beasts
 11907 | Lair:1   | Reached skill level 5 in Necromancy
 12628 | Lair:2   | Found a runed translucent gate.
 12628 | Lair:2   | Found a runed translucent gate.
 12628 | Lair:2   | Found a runed translucent gate.
 12631 | Lair:2   | Found a staircase to the Swamp.
 12659 | Lair:2   | Reached skill level 10 in Stealth
 12679 | Lair:2   | Reached XP level 12. HP: 60/60 MP: 23/26
 12701 | Lair:2   | Noticed Oneirical's ghost (journeyman FeAr)
 12811 | Lair:2   | Reached ***** piety under Dithmenos
 13108 | Lair:2   | Noticed Sonja
 13116 | Lair:2   | Killed Sonja
 13610 | Lair:2   | Killed Oneirical's ghost
 13755 | Lair:3   | Identified the +6 falchion of Kindness {heavy, Int+2 SInv}
 13956 | Lair:3   | Found a runed translucent gate.
 13956 | Lair:3   | Found a runed translucent gate.
 13956 | Lair:3   | Found a runed translucent gate.
 13960 | Lair:3   | Noticed Jigsaw's ghost (journeyman MfBe)
 13981 | Lair:3   | Found a staircase to the Snake Pit.
 14033 | Lair:3   | Reached skill level 10 in Spellcasting
 14612 | Lair:3   | Noticed a five-headed hydra
 14695 | Lair:3   | Killed a five-headed hydra
 14869 | Lair:3   | Killed Jigsaw's ghost
 14870 | Lair:3   | Reached skill level 1 in Shields
 14985 | Lair:3   | Identified the +6 plate armour of the World {rN+ Regen+
                  | Int+2 SInv}
 15099 | Lair:4   | Reached XP level 13. HP: 46/65 MP: 28/28
 15100 | Lair:4   | Identified the +10 double sword of the Magi {drain, rF+
                  | rN+}
 15158 | Lair:4   | Found a staircase to the Slime Pits.
 15159 | Lair:4   | Found a viscous altar of Jiyva.
 15245 | Lair:4   | Reached skill level 5 in Short Blades
 16240 | Lair:5   | Entered Level 5 of the Lair of Beasts
 17310 | Lair:4   | Reached skill level 5 in Armour
 17607 | Lair:5   | Reached ****** piety under Dithmenos
 17654 | Lair:5   | Reached skill level 11 in Spellcasting
 18088 | Lair:5   | Reached XP level 14. HP: 70/70 MP: 30/30
 19042 | Lair:5   | Learned a level 4 spell: Vhi's Electric Charge
 19481 | Lair:5   | Reached skill level 1 in Translocations
 19777 | Lair:5   | Found a corrupted altar of Lugonu.
 19777 | Lair:5   | Found a one-way gate to the infinite horrors of the Abyss.
 20591 | D:11     | Noticed Urug
 20632 | D:11     | Killed Urug
 20738 | D:12     | Learned a level 4 spell: Summon Lightning Spire
 21105 | D:12     | Learned a level 3 spell: Fugue of the Fallen
 21110 | D:12     | Learned a level 4 spell: Anguish
 21343 | D:12     | Found a staircase to the Orcish Mines.
 21489 | D:12     | Identified the +2 hand axe "Ejufusos" {vamp, *Slow Str+4
                  | Dex+5}
 21844 | Orc:1    | Entered Level 1 of the Orcish Mines
 21873 | Orc:1    | Noticed Erolcha
 22028 | D:12     | Killed Erolcha
 22244 | Orc:2    | Entered Level 2 of the Orcish Mines
 22244 | Orc:2    | Found a staircase to the Elven Halls.
 22462 | Orc:1    | Reached skill level 1 in Conjurations
 22513 | Orc:1    | Reached skill level 12 in Spellcasting
 23362 | Orc:1    | Reached skill level 1 in Summonings
 23940 | Orc:2    | Reached skill level 5 in Ice Magic
 24493 | Orc:2    | Reached skill level 1 in Air Magic
 24655 | Orc:2    | Noticed an orc warlord
 24760 | Orc:2    | Killed an orc warlord
 24761 | Orc:2    | Reached XP level 15. HP: 77/77 MP: 28/32
 24800 | Orc:2    | Found Waahon's General Store.
 24821 | Orc:2    | Found Cargho's Jewellery Emporium.
 24883 | Orc:2    | Found Ijiaceiw's Antique Armour Emporium.
 24900 | Orc:2    | Found Gutipsust's Antique Weapon Emporium.
 25025 | Orc:2    | Bought a scroll of revelation for 97 gold pieces
 25025 | Orc:2    | Bought a scroll of fear for 52 gold pieces
 25041 | Orc:2    | Bought a +6 ring of dexterity for 540 gold pieces
 25041 | Orc:2    | Bought an amulet of reflection for 450 gold pieces
 25041 | Orc:2    | Bought a ring of resist corrosion for 300 gold pieces
 25373 | D:13     | Reached skill level 10 in Invocations
 25529 | D:13     | Found a portal to a secret trove of treasure.
 26570 | D:13     | Found a gate to the Vaults.
 26709 | D:14     | Found a gate leading to a gauntlet.
 26835 | Gauntlet | Entered a Gauntlet
 26835 | Gauntlet | Found a transporter.
 26879 | Gauntlet | Found a transporter.
 26880 | Gauntlet | Found a transporter.
 26891 | Gauntlet | Found a transporter.
 26891 | Gauntlet | Found a transporter.
 26892 | Gauntlet | Found a transporter.
 26900 | Gauntlet | Found a transporter.
 26903 | Gauntlet | Found a transporter.
 26904 | Gauntlet | Found a transporter.
 26912 | Gauntlet | Found a transporter.
 26915 | Gauntlet | Found a transporter.
 26916 | Gauntlet | Found a transporter.
 26924 | Gauntlet | Found a transporter.
 26984 | Gauntlet | Found a transporter.
 27664 | Gauntlet | Identified the ring "Humaarex" {Ice Int+3}
 27887 | Gauntlet | Gained mutation: You have a pair of small antennae on your
                  | head. [potion of mutation]
 27887 | Gauntlet | Gained mutation: Your flesh is cold resistant. (rC+)
                  | [potion of mutation]
 27887 | Gauntlet | Gained mutation: You are partially covered in large bone
                  | plates. (SH +4) [potion of mutation]
 27887 | Gauntlet | Gained mutation: You passively map a small area around you.
                  | [potion of mutation]
 28042 | D:14     | Found a glowing golden altar of the Shining One.
 28153 | D:14     | Reached skill level 13 in Spellcasting
 28565 | D:14     | Found a blossoming altar of Fedhas.
 28628 | D:15     | Entered Level 15 of the Dungeon
 29281 | D:15     | Noticed Kirke
 29777 | D:15     | Found a staircase to the Depths.
 30495 | D:14     | Learned a level 3 spell: Mephitic Cloud
 30681 | D:15     | Killed Kirke
 30991 | Snake:1  | Entered Level 1 of the Snake Pit
 31021 | Snake:1  | Reached XP level 16. HP: 82/82 MP: 34/34
 32181 | Snake:1  | Reached skill level 5 in Air Magic
 33300 | Snake:2  | Noticed Roxanne
 33424 | Snake:2  | Noticed Louise
 33426 | Snake:2  | Killed Louise
 33427 | Snake:2  | Reached skill level 5 in Evocations
 35290 | Snake:2  | HP: 1/82 [Roxanne/crystal spear (39)]
 36293 | Snake:3  | Reached skill level 5 in Summonings
 38081 | Snake:3  | Learned a level 4 spell: Passage of Golubria
 38619 | Snake:4  | Entered Level 4 of the Snake Pit
 38823 | Snake:4  | Noticed bakla's ghost (journeyman HuEE)
 38824 | Snake:4  | Found a runed translucent door.
 38837 | Snake:4  | Killed bakla's ghost
 39054 | Snake:4  | Reached skill level 5 in Shields
 39062 | Snake:4  | Reached XP level 17. HP: 57/86 MP: 15/35
 39180 | Snake:4  | Learned a level 3 spell: Inner Flame
 39226 | Snake:4  | Found Jiziri's Distillery.
 42007 | Snake:4  | Reached skill level 5 in Translocations
 43083 | Snake:4  | Reached skill level 10 in Necromancy
 43134 | Snake:4  | Reached skill level 1 in Alchemy
 44441 | Snake:4  | Got a serpentine rune of Zot
 44578 | Snake:4  | Bought a potion of cancellation for 112 gold pieces
 44578 | Snake:4  | Bought a potion of lignification for 42 gold pieces
 44578 | Snake:4  | Bought a potion of curing for 42 gold pieces
 44578 | Snake:4  | Bought a potion of curing for 42 gold pieces
 44578 | Snake:4  | Bought a potion of magic for 112 gold pieces
 44578 | Snake:4  | Bought a potion of curing for 42 gold pieces
 44578 | Snake:4  | Bought 2 potions of might for 112 gold pieces
 44578 | Snake:4  | Bought a potion of might for 56 gold pieces
 44578 | Snake:4  | Bought 2 potions of curing for 84 gold pieces
 44759 | Snake:2  | Killed Roxanne
 44884 | D:10     | Upgraded the game from 0.32-a0-128-g77eb882913 to
                  | 0.32-a0-485-g70f7560b1c
 45011 | Vaults:1 | Entered Level 1 of the Vaults
 45043 | Vaults:1 | Found Luafabec's Armour Boutique.
 45270 | Vaults:1 | Reached skill level 5 in Ranged Weapons
 46126 | Vaults:1 | Noticed a sphinx
 46208 | Vaults:1 | Killed a sphinx
 47077 | Vaults:1 | Reached XP level 18. HP: 73/92 MP: 36/36
 48245 | Vaults:1 | Learned a level 3 spell: Stone Arrow
 51294 | Vaults:3 | Noticed a lich
 51303 | Vaults:3 | Killed a lich
 51697 | Vaults:3 | Found a staircase to the Crypt.
 52703 | Vaults:3 | Identified the +1 robe of Yesterday {rC+ rN+ Dex+2}
 53099 | Vaults:3 | Reached skill level 5 in Throwing
 53184 | Vaults:3 | Found a radiant altar of Vehumet.
 53184 | Vaults:3 | Noticed a lich
 53188 | Vaults:3 | Killed a lich
 53193 | Vaults:3 | Identified the +1 hat of the Spider Nest {rF+ MP-9 Int+4}
 53196 | Vaults:3 | Identified the +2 robe of the Salmon {Str+4}
 53215 | Vaults:3 | Reached XP level 19. HP: 95/96 MP: 37/37
 53968 | Vaults:3 | Identified the +7 flail "Vank" {elec, *Rage rC+ rN+ Int+3}
 54206 | Vaults:4 | Found a flickering gateway to a bazaar.
 54243 | Vaults:4 | Found Kaguheot's Antique Weapon Emporium.
 54319 | Vaults:4 | Found Zumo's Book Emporium.
 54338 | Vaults:4 | Noticed Sojobo
 54396 | Vaults:4 | Found Zissub's Weapon Shoppe.
 54417 | Vaults:4 | Found Zerhiwn's Assorted Antiques.
 54473 | Bazaar   | Entered a bazaar
 54473 | Bazaar   | Found Aliang's Magic Scroll Boutique.
 54473 | Bazaar   | Found Bolus's General Store.
 54473 | Bazaar   | Found Ogidol's Magic Scroll Shoppe.
 54623 | Bazaar   | Found Achof's Book Emporium.
 54623 | Bazaar   | Found Otzeiz's Magic Scroll Emporium.
 54645 | Bazaar   | Bought a scroll of amnesia for 28 gold pieces
 54645 | Bazaar   | Bought a scroll of enchant armour for 52 gold pieces
 54649 | Bazaar   | Bought the Folio of Portents for 456 gold pieces
 54649 | Bazaar   | Bought Lom Lobon's Book of the Geodesic for 576 gold pieces
 54649 | Bazaar   | Bought the Unrestrained Analects for 528 gold pieces
 54652 | Bazaar   | Bought a scroll of amnesia for 32 gold pieces
 54655 | Bazaar   | Bought 3 datura-tipped darts for 24 gold pieces
 54655 | Bazaar   | Bought a scroll of blinking for 67 gold pieces
 54658 | Bazaar   | Bought a scroll of immolation for 32 gold pieces
 54658 | Bazaar   | Bought a scroll of enchant armour for 60 gold pieces
 54663 | Bazaar   | Bought a scroll of vulnerability for 72 gold pieces
 54669 | Bazaar   | Bought a scroll of fear for 28 gold pieces
 54672 | Bazaar   | Bought 2 scrolls of poison for 64 gold pieces
 55168 | Vaults:4 | Learned a level 5 spell: Summon Mana Viper
 55430 | Vaults:4 | Reached skill level 14 in Spellcasting
 55439 | Vaults:4 | Reached skill level 5 in Conjurations
 56535 | Vaults:2 | Reached skill level 10 in Fighting
 56922 | Depths:1 | Entered Level 1 of the Depths
 57000 | Depths:1 | Found a one-way gate leading to the halls of Pandemonium.
 57006 | Depths:1 | Found a gateway to Hell.
 57088 | Depths:1 | Found a magical portal.
 57093 | WizLab   | Entered Wucad Mu's Monastery
 57542 | WizLab   | Found the crystal ball of Wucad Mu {*channel}
 57737 | WizLab   | Reached skill level 10 in Translocations
 57737 | WizLab   | Reached XP level 20. HP: 95/95 MP: 39/39
 58892 | Depths:1 | Identified the +2 robe of Qumesam {Rampage +Blink Stlth-}
 59300 | Depths:1 | Found a one-way gateway to a ziggurat.
 59301 | Depths:1 | Noticed a dread lich
 59616 | Depths:1 | Learned a level 5 spell: Yara's Violent Unravelling
 60089 | Depths:1 | Reached XP level 21. HP: 78/107 MP: 40/40
 60397 | Swamp:1  | Entered Level 1 of the Swamp
 60418 | Swamp:1  | Upgraded the game from 0.32-a0-485-g70f7560b1c to
                  | 0.32-a0-643-ga006e7742e
 60451 | Swamp:1  | Upgraded the game from 0.32-a0-643-ga006e7742e to
                  | 0.32-a0-685-g93135e86f0
 61064 | Swamp:1  | Reached skill level 15 in Hexes
 61064 | Swamp:1  | Reached skill level 1 in Earth Magic
 61633 | Swamp:2  | Noticed Jorgrun
 61636 | Swamp:2  | Killed Jorgrun
 61637 | Swamp:2  | Reached skill level 15 in Spellcasting
 61936 | Swamp:2  | Got the Almanac of Reanimation Made Easy
 62166 | Swamp:3  | Found a glacial archway.
 62175 | IceCv    | Entered an ice cave
 62702 | IceCv    | Found a viscous altar of Jiyva.
 62910 | IceCv    | Got Sif Muna's Lessons on the Snowflakes
 62912 | IceCv    | Got the Lessons on Hypothermia
 62920 | IceCv    | Identified the amulet "Rawnej" {Will+ RegenMP+ Dex+4
                  | Stlth-}
 63247 | D:13     | You paid a toll of +3 ice dragon scales to enter a treasure
                  | trove
 63248 | Trove    | Entered a treasure trove
 63250 | Trove    | Found the +5 robe of Night {Dark Will+ SInv}
 63258 | Trove    | Identified the +0 robe of the Spider Nest {Fly rPois rC+
                  | Slay-4}
 63263 | Trove    | Identified the +1 hat "Hagimp" {*Slow rElec rN++ Dex-3}
 63267 | Trove    | Identified the orb of Ethics {guile, rC- rCorr Str+2 Int+5}
 63269 | Trove    | Identified the +2 robe of Beruyliopea {Rampage rN+}
 63273 | Trove    | Identified the +0 buckler of Hide-and-Seek {^Contam rPois
                  | rN++ Str+4}
 63277 | Trove    | Identified the +3 robe of the Orcish Mines {Str+6}
 63281 | Trove    | Identified the +5 robe of the Pirate {rC+ Slay+4}
 63934 | D:10     | Learned a level 6 spell: Death Channel
 64183 | Swamp:3  | Identified a scroll of acquirement
 64183 | Swamp:3  | Acquired a +6 hand cannon of draining
 65157 | Swamp:4  | Entered Level 4 of the Swamp
 65180 | Swamp:4  | Noticed Mlioglotl
 65206 | Swamp:4  | Killed Mlioglotl
 65827 | Swamp:4  | Found a runed translucent door.
 65830 | Swamp:4  | Noticed CougarLife's ghost (adept GrEE)
 65831 | Swamp:4  | Identified the +5 trident of Accord {protect, Will+ Str-4
                  | Int+5}
 65853 | Swamp:4  | Killed CougarLife's ghost
 66147 | Swamp:4  | Noticed the 27-headed Lernaean hydra
 66168 | Swamp:4  | Killed the 27-headed Lernaean hydra
 66754 | Swamp:4  | Identified the +7 whip of Blind Justice {drain, *Rage Will+
                  | Str-3 Dex+9}
 66782 | Swamp:4  | Got a decaying rune of Zot
 66915 | Swamp:4  | Identified the serpent talisman of the Dozen Underlurkers
                  | {Int+3}
 66915 | Swamp:4  | Noticed Aizul
 66929 | Swamp:4  | Killed Aizul
 67916 | D:14     | Learned a level 8 spell: Discord
 68045 | Crypt:1  | Entered Level 1 of the Crypt
 68817 | Crypt:1  | Identified the staff of Extinguishment {*Corrode rElec rN++
                  | Int+3 SInv Air}
 68997 | Crypt:1  | Identified the +7 orcbow of Opu Jeys {heavy, Fly rPois
                  | Will+}
 69047 | Crypt:1  | Reached XP level 22. HP: 114/114 MP: 26/42
 69110 | Crypt:1  | Reached skill level 16 in Spellcasting
 69627 | Crypt:2  | Noticed Xtahua
 69650 | Crypt:2  | Killed Xtahua
 69957 | Crypt:2  | Identified the +1 robe of the Equator {Harm rN+++ Int-2}
 70180 | Crypt:2  | Identified the +3 great mace of the Ass {flame, rF+ Will+
                  | SInv}
 70230 | Crypt:2  | Identified the +0 leather armour "Owanokuy" {rElec Str+4
                  | Int-5}
 70276 | Crypt:2  | Acquired a ring of wizardry
 70392 | Crypt:3  | Entered Level 3 of the Crypt
 71046 | Crypt:3  | Found a staircase to the Tomb.
 71633 | Crypt:3  | Found an ancient bone altar of Kikubaaqudgha.
 71648 | Crypt:3  | Acquired the +1 quick blade of Painted Prudence {drain,
                  | rElec rN+}
 72785 | Crypt:3  | Identified the +1 cloak of Ifoajoy Xori {rN+ Dex+5}
 73342 | Crypt:2  | Learned a level 8 spell: Infestation
 73916 | Depths:1 | Killed a dread lich
 73919 | Depths:1 | Gained mutation: You possess an exceptional clarity of
                  | mind. [a cacodemon]
 74046 | Depths:1 | Reached skill level 17 in Spellcasting
 74290 | Depths:1 | Identified the +0 morningstar of the Shore {spect, rF+
                  | Dex+2}
 74434 | Depths:2 | Reached skill level 10 in Armour
 74546 | Depths:2 | Found a burning altar of Makhleb.
 75327 | Depths:2 | Identified the storm talisman "Rosm" {rC+}
 75927 | Depths:3 | Reached XP level 23. HP: 119/119 MP: 23/45
 76105 | Depths:3 | Identified the amulet of Renivez {Spirit *Slow +Inv Str+3}
 76738 | Depths:3 | Found an ornate altar of the Wu Jian Council.
 76927 | Depths:3 | Noticed a juggernaut
 76950 | Depths:3 | Killed a juggernaut
 77347 | Depths:4 | Entered Level 4 of the Depths
 77347 | Depths:4 | Noticed a caustic shrike
 77348 | Depths:4 | Noticed a caustic shrike
 77348 | Depths:4 | Noticed a caustic shrike
 77349 | Depths:4 | Killed a caustic shrike
 77350 | Depths:4 | Killed a caustic shrike
 77351 | Depths:4 | Reached skill level 10 in Evocations
 77351 | Depths:4 | Killed a caustic shrike
 77359 | Depths:4 | Killed a caustic shrike
 77387 | Depths:4 | Reached skill level 18 in Spellcasting
 78041 | Depths:4 | Found a gate to the Realm of Zot.
 78711 | Vaults:4 | HP: 5/119 [tengu reaver/bolt of poison[Sojobo] (17)]
 78711 | Vaults:4 | Killed from afar by a tengu reaver

Illustrated notes

Levels and vault maps discovered:
D:1:      ebering_trefoil_3fold, layout_basic, ebering_ecumenical_altar_webs
D:2:      layout_rooms, uniq_natasha
D:3:      layout_basic, nicolae_elyvilon_peaceful_grove,
          eat_drink_and_be_merry_uskayaw, nzn_hepliaklqana_mist_gate,
          mainiacjoe_overflow_paths
D:4:      layout_basic, mainiacjoe_overflow_concentric_impassable,
          kennysheep_mini, lemuel_tele_altar, lemuel_temple_firewalk_b
D:5:      corexii_shantytown, layout_cave_pools, kennysheep_mini_moat,
          grunt_temple_overflow_open, uniq_edmund
D:6:      layout_rooms, serial_corexii_hall, chequers_hall_statues_corner_a,
          corexii_hall_statues_t
D:7:      layout_layer_cave, uniq_joseph, uniq_jeremiah, uniq_maggie
D:8:      layout_basic, zin_angel, hellmonk_scale_shop
D:9:      layout_roguey, minmay_fractal_squares_gapless_5
D:10:     layout_rooms, lair_entry_dummy, special_room [special_room_bee],
          enter_bailey_3, minmay_chambers_of_fives, uniq_harold, uniq_nergalle
D:11:     layout_roguey, grunt_ministairs_1, uniq_urug
D:12:     layout_grid_maze, orc_0_dummy
D:13:     layout_small_grid, grunt_vaults_entry_tiered, special_room
          [special_room_orc], enter_trove_5
D:14:     layout_basic, gauntlet_entry_generic, tso_metal_star,
          fedhas_altar_fruit_tree
D:15:     hangedman_depths_entry_try_elsewhere_first, layout_loops_ring,
          uniq_kirke
Temple:   nicolae_temple_ecumenical_triangle
Lair:1:   layout_regular_city, grunt_megastairs_5, infiniplex_staircase_pool_2,
          lemuel_fruit_fields, uniq_grum
Lair:2:   layout_long_grid, swamp_mist_pool, gammafunk_ghost_split, uniq_sonja
Lair:3:   layout_loops_ring, minmay_snake_entry_guardpost_small,
          gammafunk_ghost_split, chequers_serial_rivers_micro_c
Lair:4:   layout_cellular_growth, slime_entry_1
Lair:5:   hellmonk_lair_end_abyssal_woods, layout_cave_shapes, special_room
          [special_room_mythical_zoo], grunt_megastairs_1
Swamp:1:  layout_basic_swamp, nicolae_swamp_long_stream
Swamp:2:  layout_basic_swamp, nicolae_swamp_little_swirl, swamp_pool_5,
          nicolae_swamp_necromancy_gone_wrong, infiniplex_staircase_pool,
          uniq_jorgrun
Swamp:3:  layout_falls_marsh, portal_ice_cave_entry_ugly_swarm,
          nicolae_swamp_dense_foliage
Swamp:4:  swamp_old_school, layout_basic_swamp, ebering_ghost_funeral_grove,
          uniq_mlioglotl, uniq_aizul
Snake:1:  layout_layer_cave, nicolae_triple_integral
Snake:2:  layout_misc_corridors, uniq_roxanne, uniq_louise
Snake:3:  layout_onion
Snake:4:  snake_pit, layout_concentric_octagons, serial_shops,
          nicolae_shop_tiny_statue_garden, hellmonk_ghost_happy_afterlife,
          st_stairs_2
Orc:1:    minmay_goldmine, layout_diamond_mine, uniq_erolcha
Orc:2:    grunt_orc_cross, layout_diamond_mine
Vaults:1: nicolae_vaults_six-pack, v_pattern_4, v_misc_19, v_misc_10,
          nicolae_vaults_storage_closets_1, nicolae_vaults_prndl,
          grunt_vaults_swirl, serial_library_hellmonk_reading_circle,
          layout_vaults_quadrants, serial_shops, shop
Vaults:2: lightli_orcish_oven, vaults_dpeg_spiral, v_misc_13,
          nicolae_vaults_turnstiles, hangedman_vaults_restitches,
          nicolae_vaults_trapezoid_lopsided_2, ontoclasm_vaults_ring_square,
          vaults_dpeg_diagonal, hangedman_vaults_stretched_pinwheel,
          ontoclasm_vaults_gateway, nicolae_vaults_shelves_hall,
          vaults_room_glass_cross, nicolae_vaults_tetromino_Z_1, v_misc_26,
          nicolae_vaults_inception_scallops, nicolae_vaults_little_squares_5,
          nicolae_vaults_surprise_closet, layout_vaults_omnibox
Vaults:3: minmay_crypt_entry_simple_statues, grunt_tower_of_power,
          hangedman_vaults_slither, nicolae_vaults_two_Ls,
          nicolae_vaults_mini_display_case, vaults_mumra_chevron, v_pattern_1,
          nicolae_vaults_apartment_1, nicolae_vaults_storage_room_glass,
          grunt_vaults_hallway_long, grunt_vaults_twisty,
          nicolae_vaults_oval_intersection, v_misc_30, nicolae_vaults_alarming,
          layout_vaults_big_cross
Vaults:4: ontoclasm_vaults_eye, ontoclasm_vaults_chip,
          nicolae_vaults_ninety_degrees,
          vaults_standard_mumra_enter_the_diamond,
          nicolae_vaults_network_periphery,
          vaults_standard_mumra_enter_the_diamond,
          ontoclasm_vaults_decontamination, ontoclasm_vaults_ring_small,
          nicolae_vaults_trapezoid_3, nicolae_vaults_little_squares_1,
          layout_vaults_ring, serial_shops, bzr_in_the_mist,
          nicolae_shop_mannequins, shop, nicolae_shop_bloodbath_and_beyond,
          nicolae_shop_statue_plus, uniq_sojobo
Crypt:1:  layout_gridlike, st_shrine_of_skulls, grunt_crypt_arrival_split
Crypt:2:  layout_gridlike, uniq_xtahua
Crypt:3:  church_of_pain_bobbens, layout_chaotic_city
Depths:1: nicolae_hitomezashi [nicolae_hito_row, nicolae_hito_row,
          nicolae_hito_row, nicolae_hito_row, nicolae_hito_row,
          nicolae_hito_row, nicolae_hito_row, nicolae_hito_row,
          nicolae_hito_row, nicolae_hito_row, nicolae_hito_row,
          nicolae_hito_row, nicolae_hito_row, nicolae_hito_row,
          nicolae_hito_row, nicolae_hito_row, nicolae_hito_row,
          nicolae_hito_row], layout_gridlike, enter_ziggurat_c, hell_entry,
          mu_enter_wizlab_7, pan_entry, fountainhead, wad_dig_loot
Depths:2: evilmike_makhleb_hellhole, layout_cross, rand_demon_pan_entry_4,
          abyss_entry, serial_glass, glass_columns_c, glass_columns_a,
          glass_columns_c, glass_columns_a, glass_columns_c, glass_columns_c,
          glass_columns_b, glass_columns_c, glass_columns_c, glass_columns_b,
          chequers_serial_rivers_micro_d, hell_entry
Depths:3: evilmike_marble_ring, layout_cave_shapes, nicolae_benzene_ring,
          pf_dread_powers_of_hell, abyss_entry,
          nicolae_wu_jian_immortal_techniques
Depths:4: evilmike_zot_entry_basic, layout_cave_pools,
          grunt_pan_entry_in_and_out, hell_entry

Skill      XL: |  1  2  3  4  5  6  7  8  9 10 11 12 13 14 15 16 17 18 19 20 21 22 23 |
---------------+----------------------------------------------------------------------+-----
Hexes          | 4 5 6 7 9 10 11 12 13 14 15 16 17 | 17.3
Fighting       | 1 2 3 4 5 6 7 8 9 10 11 12 | 12.1
Dodging        | 3 4 5 6 7 8 |  8.2
Spellcasting   | 3 4 5 6 8 9 10 11 12 13 14 15 17 18 | 18.1
Ranged Weapons | 1 2 5 6 7 9 |  9.8
Ice Magic      | 1 2 3 4 5 6 7 |  7.2
Short Blades   | 2 3 4 5 6 7 8 |  8.8
Invocations    | 1 3 4 5 7 8 9 10 | 10.4
Throwing       | 1 2 3 4 5 |  5.6
Stealth        | 6 7 10 11 12 13 | 13.2
Necromancy     | 1 4 5 6 7 8 9 10 11 12 13 | 13.7
Armour         | 1 2 3 4 5 6 7 9 10 11 | 11.0
Evocations     | 1 3 4 7 8 9 10 | 10.0
Shields        | 1 3 4 5 |  5.4
Translocations | 3 4 7 9 10 11 12 | 12.0
Conjurations   | 1 2 4 5 7 |  7.2
Summonings     | 2 3 5 7 8 9 |  9.2
Air Magic      | 1 4 5 6 7 8 |  8.7
Alchemy        | 1 3 4 |  4.6
Earth Magic    | 1 2 3 |  3.0

Action                     |  1- 3 |  4- 6 |  7- 9 | 10-12 | 13-15 | 16-18 | 19-21 | 22-24 || total
---------------------------+-------+-------+-------+-------+-------+-------+-------+-------++-------
  Melee: Dagger            |    64 |    54 |   271 |   402 |   746 |   729 |   351 |    65 ||  2682
         Punch             |     4 |     8 |    20 |    16 |       |       |       |       ||    48
         Falchion          |       |       |       |     3 |       |       |       |       ||     3
         Quick blade       |       |       |       |       |       |       |       |    10 ||    10
   Fire: Sling             |    20 |       |       |    12 |    82 |   211 |    31 |       ||   356
         Hand cannon       |       |       |       |       |       |       |    29 |    72 ||   101
  Throw: Stone             |     1 |     1 |       |       |       |       |       |       ||     2
         Dart              |       |     1 |    35 |    23 |   108 |    51 |    42 |     8 ||   268
         Boomerang         |       |       |       |     2 |    36 |       |       |       ||    38
         Throwing net      |       |       |       |     1 |     9 |       |       |     1 ||    11
   Cast: Ensorcelled Hiber |    17 |    16 |    43 |    88 |   251 |   145 |   120 |    21 ||   701
         Confusing Touch   |       |     3 |    21 |    21 |    26 |    61 |     4 |     2 ||   138
         Tukima's Dance    |       |       |    43 |    56 |    95 |   218 |    22 |       ||   434
         Dazzling Flash    |       |       |     8 |    14 |    45 |    19 |     2 |       ||    88
         Dispel Undead     |       |       |       |     1 |    38 |    16 |    41 |    58 ||   154
         Fugue of the Fall |       |       |       |       |     2 |     1 |       |       ||     3
         Anguish           |       |       |       |       |    19 |   209 |    16 |       ||   244
         Mephitic Cloud    |       |       |       |       |     1 |    86 |    70 |       ||   157
         Summon Lightning  |       |       |       |       |       |   114 |    43 |     6 ||   163
         Apportation       |       |       |       |       |       |     2 |       |       ||     2
         Vhi's Electric Ch |       |       |       |       |       |     7 |    18 |     8 ||    33
         Stone Arrow       |       |       |       |       |       |     4 |   108 |   137 ||   249
         Summon Mana Viper |       |       |       |       |       |       |    38 |    34 ||    72
         Discord           |       |       |       |       |       |       |     5 |    46 ||    51
         Death Channel     |       |       |       |       |       |       |     4 |       ||     4
         Yara's Violent Un |       |       |       |       |       |       |     3 |    34 ||    37
         Passage of Golubr |       |       |       |       |       |       |     3 |     8 ||    11
         Infestation       |       |       |       |       |       |       |       |     9 ||     9
 Invoke: Shadow Step       |       |       |       |     2 |     3 |     6 |    18 |     2 ||    31
Ability: Evoke Invisibilit |       |       |       |       |     1 |       |     5 |       ||     6
  Evoke: Wand              |       |       |     3 |    51 |    19 |    38 |    90 |    15 ||   216
         Condenser vane    |       |       |       |     3 |     3 |     3 |     1 |       ||    10
         Lightning rod     |       |       |       |       |    13 |    15 |    15 |     8 ||    51
         Phial of floods   |       |       |       |       |     1 |     3 |     3 |     1 ||     8
         Box of beasts     |       |       |       |       |       |     2 |     3 |       ||     5
         Phantom mirror    |       |       |       |       |       |       |     1 |       ||     1
    Use: Scroll            |       |       |    14 |    14 |    13 |     6 |    18 |    11 ||    76
         Potion            |       |       |       |     7 |     9 |     9 |    15 |     4 ||    44
   Stab: Sleeping          |    20 |    18 |    47 |    70 |   200 |   129 |   135 |    34 ||   653
         Confused          |       |     2 |    14 |    15 |    19 |    83 |    31 |     1 ||   165
         Invisible         |       |       |     2 |     8 |    24 |     6 |     1 |       ||    41
         Distracted        |       |       |       |     4 |     7 |    19 |     4 |       ||    34
         Held in net/web   |       |       |       |       |    12 |       |       |     2 ||    14
         Petrifying        |       |       |       |       |     1 |       |       |       ||     1
         Petrified         |       |       |       |       |     1 |       |       |       ||     1
 Armour: Robe              |    12 |    17 |    71 |       |       |       |     7 |    85 ||   192
         Swamp dragon scal |       |       |    10 |   201 |   320 |   315 |   239 |       ||  1085
  Dodge: Dodged            |    30 |    25 |   191 |   278 |   379 |   234 |   317 |   115 ||  1569
  Block: Buckler           |       |       |       |    30 |   224 |   361 |   115 |       ||   730
         Reflection        |       |       |       |       |     4 |    89 |     3 |       ||    96

Table legend: (Time is in decaauts)
 A = Elapsed time spent in this place.
 B = Non-inter-level travel time spent in this place.
 C = Inter-level travel time spent in this place.
 D = Time resting spent in this place.
 E = Time spent auto-exploring this place.
 F = Levels seen in this place.
 G = Mean time per level.
                   A        B        C        D        E       F      G
               +--------+--------+--------+--------+--------+-----+--------+
         Total |  61154 |  56380 |   4774 |   7466 |  29315 |  48 | 1274.0 |
       Dungeon |  14379 |  12800 |   1579 |    936 |   8372 |  15 |  958.6 |
        Temple |      1 |      1 |      0 |      0 |      0 |   1 |    1.0 |
          Lair |   6449 |   5884 |    565 |    368 |   2744 |   5 | 1289.8 |
         Swamp |   4399 |   4003 |    396 |    384 |   2305 |   4 | 1099.8 |
     Snake Pit |  11766 |  11226 |    540 |   2911 |   5293 |   4 | 2941.5 |
  Orcish Mines |   2369 |   2222 |    147 |    232 |    462 |   2 | 1184.5 |
        Vaults |   9277 |   8600 |    677 |   1146 |   4683 |   4 | 2319.2 |
         Crypt |   4338 |   3936 |    402 |    313 |   2182 |   3 | 1446.0 |
        Depths |   5270 |   4804 |    466 |    505 |   2630 |   4 | 1317.5 |
        Bazaar |    183 |    183 |      0 |      0 |    149 |   1 |  183.0 |
         Trove |     50 |     50 |      0 |      0 |      0 |   1 |   50.0 |
        Bailey |    665 |    665 |      0 |     57 |    273 |   1 |  665.0 |
      Ice Cave |    624 |    624 |      0 |    131 |      0 |   1 |  624.0 |
        Wizlab |    479 |    479 |      0 |     34 |    117 |   1 |  479.0 |
      Gauntlet |    900 |    900 |      0 |    446 |    101 |   1 |  900.0 |
               +--------+--------+--------+--------+--------+-----+--------+

Top non-repeatable levels by time:
 Snake:4: 3837 daAuts
 Snake:3: 3159 daAuts
Vaults:1: 2964 daAuts
Depths:1: 2607 daAuts
Vaults:3: 2573 daAuts
 Snake:2: 2488 daAuts
Vaults:2: 2435 daAuts
 Crypt:3: 2334 daAuts
 Snake:1: 2281 daAuts
  Lair:5: 2141 daAuts
    D:13: 2081 daAuts
 Swamp:4: 1975 daAuts
   Orc:2: 1573 daAuts
    D:15: 1554 daAuts
  Lair:4: 1461 daAuts
